 Dungeon Sprint DCSS version 0.21-a0-47-g7c8f537 (webtiles) character file.

225 Kidiri the Ruffian (level 5, -3/54 HPs)
             Began as a Troll Monk on June 8, 2017.
             Was a Priest of Wu Jian.
             Slain by a white ugly thing (17 damage)
             ... in the Dungeon (Sprint IX: "|||||||||||||||||||||||||||||").
             The game lasted 00:01:54 (205 turns).

Kidiri the Ruffian (Troll Monk)                      Turns: 205, Time: 00:01:54

Health: -3/54      AC:  6    Str: 19    XL:     5   Next: 68%
Magic:  4/4        EV: 13    Int:  9    God:    Wu Jian [***...]
Gold:   0          SH:  0    Dex: 16    Spells: 4/4 levels left

rFire    . . .     SeeInvis .     - Unarmed
rCold    . . .     Gourm    +   (no shield)
rNeg     . . .     Faith    .   a - +0 robe
rPois    .         Spirit   .   (helmet restricted)
rElec    .         Reflect  .   n - +0 cloak
rCorr    .         Harm     .   (gloves unavailable)
MR       .....     NoTele   +   (boots unavailable)
Stlth    +++.......             (no amulet)
Regen    0.6/turn               o - +3 ring of dexterity
MPRegen  0.1/turn               p - +3 ring of intelligence

@: no status effects
A: unfitting armour, claws 3, fast metabolism 3, gourmand, regeneration 1,
shaggy fur 1, tough skin 2
a: Renounce Religion


You were in the Dungeon.
You worshipped Wu Jian.
Wu Jian was most pleased with you.
You were completely stuffed.

You visited 1 branch

Inventory:

Armour
 a - a +0 robe (worn)
 n - a +0 cloak (worn)
Jewellery
 o - a +3 ring of dexterity (left claw)
 p - a +3 ring of intelligence (right claw)
Wands
 m - a wand of iceblast (7/15)
Scrolls
 h - 2 scrolls of blinking
 k - 3 scrolls of remove curse
 l - 2 scrolls of amnesia
Potions
 c - 4 potions of curing
 d - 3 potions of heal wounds
 e - a potion of haste
 f - 4 potions of magic
 j - a potion of invisibility
Comestibles
 b - 2 bread rations
 i - 6 chunks of flesh


   Skills:
 + Level 4.1 Fighting
 + Level 3.1 Armour
 * Level 5.5 Dodging
 * Level 3.7 Stealth
 * Level 6.7 Unarmed Combat


You had 4 spell levels left.
You didn't know any spells.

Dungeon Overview and Level Annotations

Branches:
Dungeon (1/1)

Altars:
Cheibriados
Dithmenos
Elyvilon
Fedhas
Gozag
Hepliaklqana
Kikubaaqudgha
Makhleb
Nemelex Xobeh
Okawaru
Qazlal
Ru
Sif Muna
Trog
Uskayaw
Vehumet
Wu Jian
Xom
Yredelemnul
Zin
The Shining One
Beogh
Jiyva
Lugonu


Innate Abilities, Weirdness & Mutations

You are too large for most types of armour.
You have claws for hands.
Your metabolism is lightning-fast.
You like to eat raw meat.
Your natural rate of healing is unusually fast.
You are covered in fur. (AC +1)
You have very tough skin. (AC +2)


Message History

The white ugly thing completely misses you.
You see here a +0 plate armour.
You see here a +0 cloak.
Okay, then.
Items here: ))))))
You see here an uncursed staff of energy.
There is an open door here.
There is a glowing golden altar of the Shining One here.
There is a glowing silver altar of Zin here.
There is a basalt altar of Yredelemnul here.
There is a shimmering altar of Xom here.
There is an ornate altar of the Wu Jian Council here.
There is a radiant altar of Vehumet here.
The orc loudly roars encouragement to no one in particular.
There is a hide-covered altar of Uskayaw here.
There is a bloodstained altar of Trog here.
The white ugly thing bites you!
* * * LOW HITPOINT WARNING * * *
The white ugly thing freezes you!
You die...

▓_▓
▓_▓
▓_▓
▓_▓
▓_▓
▓_▓
▓_▓
▓_▓
▓@▓
▓u▓
▓_▓
▓o▓
▓_▓
▓Z▓
▓l▓
▓_▓
▓_▓


You could see a white ugly thing, an iguana, an orc and a leopard gecko zombie.

Vanquished Creatures
  A soldier ant (D)
  A quasit (D)
  A hound (D)
  A worker ant (D)
  An adder (D)
  A shadow imp (D)
  2 orcs (D)
  A bat (D)
  A bat zombie (D)
  A giant cockroach (D)
  2 goblins (D)
  A jackal (D)
  A jackal zombie (D)
  A rat (D)
16 creatures vanquished.

Notes
Turn   | Place    | Note
-------+----------+-------------------------------------------
     0 | D        | Kidiri the Troll Monk began the quest for the Orb.
     0 | D        | Reached XP level 1. HP: 22/22 MP: 0/0
    27 | D        | Reached XP level 2. HP: 29/29 MP: 1/1
    30 | D        | Reached skill level 1 in Armour
    39 | D        | Reached skill level 4 in Unarmed Combat
    49 | D        | Found a roughly hewn altar of Beogh.
    49 | D        | Found a snail-covered altar of Cheibriados.
    49 | D        | Found a shadowy altar of Dithmenos.
    49 | D        | Found a white marble altar of Elyvilon.
    49 | D        | Found a blossoming altar of Fedhas.
    49 | D        | Found an opulent altar of Gozag.
    50 | D        | Found a hazy altar of Hepliaklqana.
    51 | D        | Found a viscous altar of Jiyva.
    52 | D        | Found an ancient bone altar of Kikubaaqudgha.
    53 | D        | Found a corrupted altar of Lugonu.
    54 | D        | Found a burning altar of Makhleb.
    55 | D        | Found a sparkling altar of Nemelex Xobeh.
    56 | D        | Found an iron altar of Okawaru.
    57 | D        | Found a stormy altar of Qazlal.
    58 | D        | Found a sacrificial altar of Ru.
    59 | D        | Found a deep blue altar of Sif Muna.
    60 | D        | Found a bloodstained altar of Trog.
    61 | D        | Found a hide-covered altar of Uskayaw.
    62 | D        | Found a radiant altar of Vehumet.
    63 | D        | Found an ornate altar of the Wu Jian Council.
    64 | D        | Found a shimmering altar of Xom.
    65 | D        | Found a basalt altar of Yredelemnul.
    66 | D        | Found a glowing silver altar of Zin.
    67 | D        | Found a glowing golden altar of the Shining One.
    71 | D        | Became a worshipper of the Wu Jian Council
    71 | D        | Reached * piety under Wu Jian
    71 | D        | Reached ** piety under Wu Jian
   100 | D        | Noticed a soldier ant
   114 | D        | Killed a soldier ant
   114 | D        | Reached skill level 5 in Unarmed Combat
   114 | D        | Reached XP level 3. HP: 27/39 MP: 2/2
   114 | D        | Reached XP level 4. HP: 34/48 MP: 3/3
   117 | D        | Reached skill level 5 in Dodging
   117 | D        | Reached skill level 6 in Unarmed Combat
   117 | D        | Reached XP level 5. HP: 33/54 MP: 4/4
   119 | D        | Reached *** piety under Wu Jian
   178 | D        | Noticed a white ugly thing
   178 | D        | Noticed a troll
   205 | D        | Slain by a white ugly thing

Vault maps used:
D:        linesprint

Skill      XL: |  1  2  3  4  5 |
---------------+----------------+-----
Dodging        | 3 4 5 |  5.5
Armour         | 2 3 |  3.1
Unarmed Combat | 5 6 |  6.7
Fighting       | 3 4 |  4.1
Stealth        | 3 |  3.7

Action                   |  1- 3 |  4- 6 || total
-------------------------+-------+-------++-------
Melee: Unarmed           |    37 |    14 ||    51
       Punch             |     1 |     2 ||     3
  Use: Potion            |     2 |       ||     2
  Eat: Chunk             |       |     7 ||     7
Armor: Robe              |     8 |     3 ||    11
Dodge: Dodged            |    23 |     3 ||    26
